 Dungeon Crawl Stone Soup version 0.21.0-3-g78d12a8 (webtiles) character file.

2770 FrothyCoffee the Fighter (level 9, -1/60 HPs)
             Began as a Gargoyle Earth Elementalist on Jan 11, 2018.
             Was an Initiate of Okawaru.
             Slain by an orc warrior
             ... wielding a +3 battleaxe
              (7 damage)
             ... in a bailey.
             The game lasted 00:45:33 (11406 turns).

FrothyCoffee the Fighter (GrEE)                    Turns: 11406, Time: 00:45:34

Health: -1/60      AC: 23    Str: 20    XL:     9   Next: 69%
Magic:  12/12      EV:  7    Int: 16    God:    Okawaru [......]
Gold:   290        SH:  0    Dex: 10    Spells: 11/12 levels left

rFire    . . .     SeeInvis .   K - +0 flail
rCold    . . .     Gourm    .   (no shield)
rNeg     + . .     Faith    .   D - +0 plate armour
rPois    ∞         Spirit   .   (no helmet)
rElec    +         Reflect  .   (no cloak)
rCorr    .         Harm     .   C - +2 pair of gloves
MR       .....                  I - +0 pair of boots
Stlth    ..........             (no amulet)
HPRegen  0.20/turn              (no ring)
MPRegen  0.13/turn              (no ring)

@: confused, mighty
A: negative energy resistance 1, electricity resistance, unbreathing,
petrification resistance, rot immunity, AC +6
a: Renounce Religion


You were in a bailey.
You worshipped Okawaru.
Okawaru was noncommittal.
You were not hungry.

You visited 2 branches of the dungeon, and saw 8 of its levels.
You also visited: Bailey.

You collected 290 gold pieces.

Inventory:

Hand Weapons
 a - a +1 whip of flaming
 b - a +0 hunting sling
 h - a +0 club
 s - a +3 club
 u - a +0 mace
 v - a +0 whip
 K - a +0 flail (weapon)
Missiles
 q - 46 sling bullets
 F - 7 javelins
 J - 194 stones (quivered)
Armour
 y - a +0 chain mail
 C - a +2 pair of gloves (worn)
 D - a +0 plate armour (worn)
 I - a +0 pair of boots (worn)
Magical Staves
 B - a cursed staff of air {unknown}
Jewellery
 A - a +2 ring of protection {unknown}
 M - an uncursed ring of protection from fire {unknown}
 N - an uncursed ring of magical power {unknown}
 P - a cursed ring of teleportation {unknown}
Wands
 j - a wand of enslavement (3)
 k - a wand of iceblast (9)
 Q - a wand of flame (26)
Scrolls
 l - a scroll of teleportation
 m - 3 scrolls of enchant armour {unknown}
 p - a scroll of fog
 r - 4 scrolls of identify
 x - 2 scrolls of noise {unknown}
 H - 2 scrolls of amnesia {unknown}
 O - a scroll of remove curse
Potions
 c - 6 potions of mutation
 f - a potion of berserk rage {unknown}
 g - a potion of flight {unknown}
 o - a potion of magic {unknown}
 t - 3 potions of curing
 w - a potion of ambrosia
 z - a potion of lignification {unknown}
Books
 e - a book of Geomancy

   Spells                             Type                      Level
   a - Sandblast                      Earth                        1
   b - Passwall                       Transmutation/Earth          2
   c - Stone Arrow                    Conjuration/Earth            3
   d - Petrify                        Transmutation/Earth          4
   e - Lee's Rapid Deconstruction     Earth                        5
Comestibles
 d - 2 rations
 i - 7 chunks of flesh


   Skills:
 * Level 8.4 Fighting
 * Level 7.6 Maces & Flails
 + Level 5.9 Armour
 - Level 3.5 Dodging
 - Level 2.1 Stealth
 - Level 2.0 Spellcasting
   Level 0.7 Transmutations
 - Level 3.6 Earth Magic
 + Level 1.6 Invocations


You had 11 spell levels left.
You knew the following spells:

 Your Spells              Type           Power        Failure   Level  Hunger
a - Sandblast             Erth           ##....       73%         1    #......


Dungeon Overview and Level Annotations

Branches:
Dungeon (7/15)             Temple (1/1) D:7

Altars:
Ashenzari
Elyvilon
Hepliaklqana
Kikubaaqudgha
Nemelex Xobeh
Okawaru
Trog
Uskayaw
Xom
Yredelemnul
The Shining One

Shops:
D:4 (


Innate Abilities, Weirdness & Mutations

You are resistant to torment.
Your stone body is resilient. (AC +6)
You are immune to poison.
You resist negative energy. (rN+)
You are resistant to electric shocks. (rElec)
You can survive without breathing.
You are immune to petrification.
You are immune to rotting.


Message History

* * * LOW HITPOINT WARNING * * *
The ufetubus barely misses you.
The ufetubus hits you but does no damage.
The ice devil closely misses you. The crimson imp hits you.
* * * LOW HITPOINT WARNING * * *
You bludgeon the kobold demonologist!!
You kill the kobold demonologist!
Okawaru is honoured by your kill.
You hear a splash. x2
The crimson imp disappears in a puff of smoke! x2
The ufetubus disappears in a puff of smoke!
The ice devil disappears in a puff of smoke!
The orc warrior hits you but does no damage.
The orc hits you but does no damage.
The orc warrior hits you with an enchanted battleaxe!
* * * LOW HITPOINT WARNING * * *
You are confused.
You feel invigorated.
The orc warrior hits you with an enchanted battleaxe!
You die...

#######+# #≈≈≈≈≈#
#.......# #≈≈≈≈≈#
#.8.8.8.+
#≈≈≈≈≈######.......#
#≈≈≈≈≈≈.#...o..#....#
######.≈≈≈≈≈.#......#
...#
#......≈≈≈≈≈.#''#####
..#
###......≈≈§≈).#.....#
.#
#..).......@o..).....#
#
#∩.)∩.......o).)..⌠..#
#..............'.....#
###......≈≈≈≈≈.#.....#
#......≈≈≈≈≈.#++####
######.≈≈≈≈≈.#
#≈≈≈≈≈≈.# #≈≈≈≈≈###
#≈≈≈≈≈#


You could see an orc warrior and an orc.

Vanquished Creatures
  Pikel (D:3)
  A kobold demonologist (Bailey)
  The ghost of melvinkitnick the Covert, a novice KoHu of Ashenzari (D:5)
  Grinder (D:5)
  Menkaure (D:4)
  4 slaves
  An orc warrior (Bailey)
  A necrophage (D:6)
  An ice beast (D:4)
  A sky beast (D:4)
  A phantom (D:4)
  2 ogres
  A centaur (D:7)
  A scorpion (D:7)
  A jelly (D:6)
  A crimson imp (D:5)
  3 orc wizards
  6 orc priests
  A hound (D:5)
  A bullfrog skeleton (D:6)
  Jessica (D:3)
  Ijyb (D:4)
  Natasha (thrice) (D:3)
  3 worker ants
  A killer bee zombie (D:6)
  2 hound skeletons
  A worker ant zombie (D:5)
  2 gnolls (D:7)
  3 adders
  An adder skeleton (D:5)
  4 worms
  A dart slug (D:2)
  4 leopard geckos
  16 orcs
  6 giant cockroaches
  6 goblins
  6 hobgoblins
  3 jackals (D:3)
  8 quokkas
  6 ball pythons
  A ball python skeleton (D:5)
  9 bats
  A frilled lizard (D:1)
  2 jackal skeletons (D:4)
  6 kobolds
  8 rats
136 creatures vanquished.

Notes
Turn   | Place    | Note
-------+----------+-------------------------------------------
     0 | D:1      | FrothyCoffee the Gargoyle Earth Elementalist began the quest for the Orb.
     0 | D:1      | Reached XP level 1. HP: 10/10 MP: 3/3
   388 | D:1      | Reached skill level 1 in Fighting
   388 | D:1      | Reached skill level 1 in Armour
   422 | D:1      | Reached XP level 2. HP: 16/16 MP: 5/5
   784 | D:1      | Found a glowing golden altar of the Shining One.
  1304 | D:2      | Reached skill level 1 in Maces & Flails
  1304 | D:2      | Reached XP level 3. HP: 21/21 MP: 4/6
  1874 | D:2      | Reached skill level 2 in Fighting
  2172 | D:2      | Reached XP level 4. HP: 26/26 MP: 4/7
  2539 | D:3      | Noticed Jessica
  2541 | D:3      | Noticed Natasha
  2553 | D:3      | Killed Jessica
  2890 | D:3      | Killed Natasha
  2890 | D:3      | Reached XP level 5. HP: 25/31 MP: 3/8
  2920 | D:3      | Noticed Natasha
  2927 | D:3      | Killed Natasha
  3084 | D:3      | Reached skill level 3 in Fighting
  3396 | D:3      | Reached XP level 6. HP: 37/37 MP: 9/9
  3662 | D:4      | Noticed a phantom
  3828 | D:4      | Noticed Ijyb
  3863 | D:4      | Killed Ijyb
  3990 | D:4      | Found a shattered altar of Ashenzari.
  3992 | D:4      | Noticed Pikel
  3992 | D:4      | Noticed a slave
  3997 | D:4      | Noticed a slave
  3997 | D:4      | Noticed a slave
  3999 | D:4      | Noticed a slave
  4144 | D:4      | Noticed Menkaure
  4626 | D:4      | Killed Menkaure
  4626 | D:4      | Reached skill level 4 in Fighting
  4828 | D:4      | Killed a phantom
  4828 | D:4      | Reached XP level 7. HP: 24/44 MP: 0/10
  5270 | D:4      | Found Urub's Weapon Shoppe.
  5312 | D:3      | Noticed Natasha
  5318 | D:3      | Killed Natasha
  5784 | D:3      | Reached skill level 5 in Fighting
  7485 | D:5      | Entered Level 5 of the Dungeon
  7485 | D:5      | Noticed melvinkitnick's ghost (novice KoHu)
  7782 | D:4      | Reached XP level 8. HP: 30/49 MP: 2/11
  8228 | D:5      | Noticed Grinder
  8247 | D:5      | Killed Grinder
  8247 | D:5      | Reached skill level 5 in Maces & Flails
  8249 | D:5      | Found an ancient bone altar of Kikubaaqudgha.
  8340 | D:5      | Reached skill level 6 in Fighting
  8977 | D:5      | Killed melvinkitnick's ghost
  9614 | D:3      | Killed Pikel
  9614 | D:3      | Reached skill level 7 in Fighting
  9614 | D:3      | Reached skill level 5 in Armour
  9614 | D:3      | Reached XP level 9. HP: 44/57 MP: 12/12
 10725 | D:7      | Found a staircase to the Ecumenical Temple.
 10764 | Temple   | Entered the Ecumenical Temple
 10877 | Temple   | Became a worshipper of Warmaster Okawaru
 10939 | D:7      | Found a flagged portal.
 11034 | D:7      | Reached skill level 8 in Fighting
 11126 | Bailey   | Entered a bailey
 11209 | Bailey   | Reached skill level 1 in Invocations
 11386 | Bailey   | Noticed a kobold demonologist
 11400 | Bailey   | Noticed an ice devil
 11404 | Bailey   | Killed a kobold demonologist
 11405 | Bailey   | HP: 2/60 [orc warrior/enchanted battleaxe (14)]
 11406 | Bailey   | Slain by an orc warrior

Skill      XL: |  1  2  3  4  5  6  7  8  9 |
---------------+----------------------------+-----
Fighting       | 1 2 3 4 5 7 8 |  8.4
Armour         | 1 2 3 5 |  5.9
Maces & Flails | 1 2 3 4 6 7 |  7.6
Dodging        | 2 3 |  3.5
Invocations    | 1 |  1.6
Stealth        | |  2.1
Spellcasting   | |  2.0
Transmutations | |  0.7
Earth Magic    | |  3.6

Action                   |  1- 3 |  4- 6 |  7- 9 || total
-------------------------+-------+-------+-------++-------
Melee: Unarmed           |    10 |       |       ||    10
       Club              |   153 |   169 |   194 ||   516
       Flail             |       |       |    85 ||    85
       Whip              |       |       |   142 ||   142
 Fire: Hunting sling     |       |       |    18 ||    18
Throw: Stone             |       |     8 |     6 ||    14
 Cast: Sandblast         |    15 |    51 |   105 ||   171
  Use: Scroll            |       |     7 |     8 ||    15
       Potion            |       |     2 |     6 ||     8
 Stab: Sleeping          |     1 |       |       ||     1
  Eat: Chunk             |     5 |     5 |     7 ||    17
       Ration            |       |     1 |     5 ||     6
Armor: Robe              |    24 |       |       ||    24
       Scale mail        |    44 |   109 |       ||   153
       Chain mail        |       |    34 |   106 ||   140
       Leather armour    |       |     9 |     5 ||    14
       Ring mail         |       |       |   132 ||   132
       Plate armour      |       |       |    24 ||    24
Dodge: Dodged            |   125 |   136 |   236 ||   497
